 Dungeon Crawl Stone Soup version 0.25.1-2-g60ff931df9 (webtiles) character file.

Game seed: 2631416368923659572

333 raphialitos the Shield-Bearer (level 6, 0/48 HPs)
             Began as a Formicid Fighter on Oct 15, 2020.
             Succumbed to a big kobold's poison
             ... in a sewer.
             The game lasted 00:04:34 (2675 turns).

raphialitos the Shield-Bearer (Formicid Fighter)    Turns: 2675, Time: 00:04:35

Health: 0/48       AC:  7    Str: 22    XL:     6   Next: 83%
Magic:  6/6        EV:  9    Int:  8    God:
Gold:   136        SH: 10    Dex: 10    Spells: 5/5 levels left

rFire    x . .     SeeInvis +   a - +0 quarterstaff
rCold    + . .     Gourm    .   c - +0 kite shield
rNeg     . . .     Faith    .   b - +0 scale mail
rPois    .         Spirit   .   (helmet unavailable)
rElec    .         Reflect  .   (no cloak)
rCorr    .         Harm     .   (no gloves)
MR       .....                  (no boots)
Stlth    ..........             h - amulet of regeneration
HPRegen  0.56/turn              e - ring of ice
MPRegen  0.10/turn              (no ring)

@: mighty, lethally poisoned (0 -> -38)
A: permanent stasis, dig shafts and tunnels, four strong arms, antennae 3
a: Dig, Shaft Self


You were in a sewer.
You were not hungry.

You visited 1 branch of the dungeon, and saw 3 of its levels.
You also visited: Sewer.

You collected 136 gold pieces.

Inventory:

Hand Weapons
 a - a +0 quarterstaff (weapon)
Missiles
 d - 2 poisoned darts
 j - 11 atropa-tipped darts (quivered)
 k - 12 arrows
 o - 3 boomerangs
Armour
 b - a +0 scale mail (worn)
 c - a +0 kite shield (worn)
Jewellery
 e - a ring of ice (left hand)
 h - an amulet of regeneration (around neck)
Potions
 g - 4 potions of curing {unknown}
 i - 2 potions of resistance {unknown}
 l - a potion of cancellation {unknown}
 m - a potion of heal wounds {unknown}
 n - 2 potions of flight {unknown}
 p - a potion of stabbing {unknown}
Comestibles
 f - 3 rations
 q - 4 chunks of flesh


   Skills:
 + Level 3.9 Fighting
 + Level 4.0 Staves
 + Level 4.5 Armour
 + Level 1.8 Dodging
 + Level 0.7 Stealth
 + Level 5.2 Shields


You had 5 spell levels left.
You didn't know any spells.
Your spell library was empty.

Dungeon Overview and Level Annotations

Branches:
Dungeon (3/15)              Sewer (1/1)

Altars:


Innate Abilities, Weirdness & Mutations

You cannot be hasted, slowed, berserked, paralysed or teleported.
You can dig through walls and to a lower floor.
Your four strong arms can wield two-handed weapons with a shield.
You have a pair of large antennae on your head. (SInv)


Message History

You barely miss the big kobold.
The big kobold is heavily wounded.
* * * LOW HITPOINT WARNING * * *
You feel very sick. The kobold hits you.
* * * LOW HITPOINT WARNING * * *
The big kobold hits you but does no damage.
You thump the big kobold!
The big kobold is severely wounded.
* * * LOW HITPOINT WARNING * * *
You feel very sick. You block the kobold's attack.
The big kobold hits you but does no damage.
You are more poisoned.
The kobold hits you.
* * * LOW HITPOINT WARNING * * *
The big kobold barely misses you.
You closely miss the big kobold.
The big kobold is severely wounded.
You die...

#####.. #...#..
##########...#..
######.(....##.......
#.!!.#(..............
#..K@'≈P.≈.......≈P≈P
#.∩.K'≈≈≈≈...≈≈≈P≈≈≈≈
#?...#≈≈≈≈...P≈P≈≈≈≈P
######≈##########≈≈≈≈
≈≈≈≈≈≈≈≈≈≈≈≈≈≈≈≈≈
#≈≈≈≈≈≈≈≈≈≈≈≈≈≈≈≈≈
#≈≈≈≈≈≈≈≈≈≈≈≈≈≈≈≈≈
##############≈######
#....#≈≈≈.P≈P≈≈≈≈P..≈


You could see a big kobold and a kobold.

Vanquished Creatures
  3 big kobolds (Sewer)
  A worker ant (D:2)
  2 adders (D:2)
  3 oozes
  3 worms (D:2)
  A dart slug (D:1)
  A leopard gecko (D:3)
  10 bats
  5 giant cockroaches
  4 goblins
  8 hobgoblins
  3 jackals (D:2)
  12 kobolds
  A ball python (Sewer)
  3 frilled lizards (D:2)
  7 rats
67 creatures vanquished.

Notes
Turn   | Place    | Note
-------+----------+-------------------------------------------
     0 | D:1      | raphialitos the Formicid Fighter began the quest for the
                  | Orb.
     0 | D:1      | Reached XP level 1. HP: 18/18 MP: 1/1
    45 | D:1      | Reached XP level 2. HP: 19/24 MP: 2/2
   736 | D:1      | Reached XP level 3. HP: 29/29 MP: 3/3
  1439 | D:2      | Reached skill level 4 in Shields
  1439 | D:2      | Reached XP level 4. HP: 15/36 MP: 4/4
  1975 | D:2      | Reached XP level 5. HP: 30/42 MP: 5/5
  2409 | D:3      | Found a glowing drain.
  2422 | Sewer    | Entered a sewer
  2438 | Sewer    | Noticed a big kobold
  2438 | Sewer    | Noticed a big kobold
  2460 | Sewer    | Killed a big kobold
  2460 | Sewer    | Reached skill level 1 in Dodging
  2462 | Sewer    | Reached XP level 6. HP: 25/48 MP: 6/6
  2465 | Sewer    | Reached skill level 5 in Shields
  2675 | Sewer    | Succumbed to a big kobold's poison

Illustrated notes

Levels and vault maps discovered:
D:1:      dpeg_arrival_rooms_c, layout_loops_corners, minmay_cut_off
D:2:      layout_loops_cross
D:3:      layout_rooms, first_ration, portal_sewer_entry_f,
          guppyfry_early_orc_mine, uniq_terence, uniq_robin, uniq_natasha
Sewer:    kennysheep_pipe_town

Skill      XL: |  1  2  3  4  5  6 |
---------------+-------------------+-----
Armour         | 4 |  4.5
Shields        | 4 5 |  5.2
Staves         | 3 4 |  4.0
Dodging        | 1 |  1.8
Fighting       | |  3.9
Stealth        | |  0.7

Action                   |  1- 3 |  4- 6 || total
-------------------------+-------+-------++-------
Melee: Quarterstaff      |   116 |   127 ||   243
  Use: Scroll            |     2 |     1 ||     3
       Potion            |       |     2 ||     2
  Eat: Chunk             |     2 |     4 ||     6
Armor: Scale mail        |    68 |   102 ||   170
Dodge: Dodged            |    49 |    93 ||   142
Block: Kite shield       |    60 |   111 ||   171
